[Event "Titled Tuesday Blitz October 19 2021"]
[White "Zubov, Alexander"]
[Black "Praggnanandhaa R"]
[WhiteFideId "14109409"]
[BlackFideId "25059530"]
[WhiteElo "2685"]
[BlackElo "2599"]
[Result "1-0"]
[Round "11"]
[TimeControl "180+1"]
[Date "2021.10.19"]
[WhiteClock "0:00:08"]
[BlackClock "0:00:02"]

1. d4 Nf6 2. c4 Nc6 3. Nf3 e6 4. a3 g6 5. Nc3 Bg7 6. d5 Ne7 7. e4 d6 8. dxe6 Bxe6 9. Be2 O-O 10. O-O c6 11. Nd4 Bc8 12. Bf4 h6 13. Qd2 g5 14. Be3 Ng6 15. Rad1 Re8 16. f3 Qe7 17. Rfe1 d5 18. cxd5 cxd5 19. Bb5 Rd8 20. Nf5 Bxf5 21. exf5 Nh4 22. Bb6 Qd6 23. Bxd8 Rxd8 24. Bd3 Nh5 25. Qf2 Nf4 26. Bf1 Nxf5 27. g3 Ne6 28. Nb5 Qd7 29. Bh3 Qxb5 30. Bxf5 Nf8 31. Kg2 Qxb2 32. Qxb2 Bxb2 33. a4 Ba3 34. Re5 d4 35. f4 gxf4 36. gxf4 b6 37. Kf3 Bc5 38. Rg1+ Kh8 39. Bd3 Nh7 40. Rh5 Rd6 41. a5 Nf8 42. a6 Rf6 43. Rf5 Nd7 44. Re1 Kg7 45. Re8 Bd6 46. Rxf6 Kxf6 47. Ra8 Nc5 48. Bb5 d3 49. Rxa7 d2 50. Be2 Nb3 51. Rd7 Nd4+ 52. Ke4 Nxe2 53. Rxd6+ Ke7 54. Rxd2 Nc3+ 55. Kf3 Nb5 56. Rb2 Nd4+ 57. Ke4 Nc6 58. Rxb6 1-0


[Site "https://www.chess.com"]

[Event "Titled Tuesday Blitz October 19 2021"]
[White "atbenina64"]
[Black "Djordjevic, Vuk"]
[BlackFideId "902098"]
[WhiteElo "2589"]
[BlackElo "2463"]
[Result "0-1"]
[Round "11"]
[TimeControl "180+1"]
[Date "2021.10.19"]
[WhiteClock "0:00:21"]
[BlackClock "0:00:08"]

1. e4 e6 2. d4 d5 3. Nc3 Bb4 4. exd5 exd5 5. Bd3 Nf6 6. Ne2 O-O 7. O-O Nc6 8. Bg5 Be6 9. f3 Be7 10. Qd2 Qd7 11. Rae1 Rfe8 12. Nd1 h6 13. Bh4 Ne4 14. fxe4 Bxh4 15. g3 Bg5 16. Nf4 Nxd4 17. Nc3 dxe4 18. Nxe4 Bg4 19. Qg2 Ne6 20. Nxe6 Bxe6 21. Nxg5 hxg5 22. Qe4 g6 23. Qb4 Bh3 24. Rxe8+ Rxe8 25. Re1 Rxe1+ 26. Qxe1 Qd4+ 27. Qf2 Qxb2 28. Qxa7 Qc1+ 29. Kf2 Qd2+ 30. Be2 Bg4 31. Qe3 Qxc2 32. Qe8+ Kg7 33. Qe5+ Kh7 34. a4 Qxe2+ 35. Qxe2 Bxe2 36. Kxe2 Kg7 37. Ke3 Kf6 38. Ke4 Ke6 39. a5 Kd6 40. Kd4 f6 41. Ke4 Kc5 42. h3 Kc4 43. Ke3 Kb5 44. Ke4 c6 45. Kd4 Kxa5 46. Kc5 f5 47. Kd4 b5 48. h4 0-1